cohdb
Replays
Latest Replays
All Replays
Popular Replays
Top Player Replays
Match Explorer
How It Works
Community
CoH3 Stats
Reddit
Sign in to upload your games and track your stats! →
Sign in with Steam
Match 43661008
Unlisted
Match 43661008
Overview
Messages
Build Orders
End
Construct Barracks
Scout Squad
Selects Airborne Battlegroup
Selects Pathfinders
Construct Weapon Support Center
M1919 Machine Gun Team
M1919 Machine Gun Team
Bazooka Squad
Infantry Support Center
Selects Paratrooper Squad Paradrop
Paratrooper Squad Paradrop
Construct Motor Pool
M8 Greyhound Armored Car
M1 Anti-tank Gun Team
Engineer Squad
.30 cal Machine Gun
M8 Greyhound Armored Car
Selects Recon Loiter
Selects Supply Drop
Supply Drop
M1919 Machine Gun Team
Mortar Pit
Construct Tank Depot
Selects Carpet Bombing Run
Supply Drop
M4A1 Sherman Medium Tank
Carpet Bombing Run
Carpet Bombing Run
M18 Hellcat Tank Destroyer
M18 Hellcat Tank Destroyer
Supply Drop
HulkSMASH
⚓️Ruby⚓
Rei
Orangepest
0
0
Comments
sign in to comment!
No comments posted yet!